cohdb
Replays
Latest Replays
All Replays
Popular Replays
Top Player Replays
Match Explorer
How It Works
Community
CoH3 Stats
Reddit
Sign in to upload your games and track your stats! →
Sign in with Steam
Match 32555120
Unlisted
Match 32555120
Overview
Messages
Build Orders
End
Royal Engineer Section
Construct Section Command Post
Infantry Section
Infantry Section
Vickers Machine Gun Team
Selects Indian Artillery Battlegroup
Selects Towed ML 4.2-inch Heavy Mortar
Towed ML 4.2-inch Heavy Mortar
Construct Platoon Command Post
Selects War Cry
Selects Gurkha Rifles Section
Gurkha Rifles Section
Construct Field Infirmary
6-pounder Anti-tank Gun Team
Gurkha Rifles Section
6-pounder Anti-tank Gun Team
Royal Engineer Section
Selects Volunteer Infantry
War Cry
Gurkha Rifles Section
_
MaXiS
0
0
Comments
sign in to comment!
No comments posted yet!